 Dungeon Crawl Stone Soup version bcrawl-1.24 (webtiles) character file.

Game seed: 1796921991397479566

35 Harunobu the Cudgeler (level 3, -3/30 HPs)
             Began as an Oni Skald on June 13, 2020.
             Slain by Sigmund
             ... wielding a +0 scythe
              (4 damage)
             ... on level 2 of the Dungeon.
             The game lasted 00:03:44 (880 turns).

Harunobu the Cudgeler (Oni Skald)                    Turns: 880, Time: 00:03:45

Health: -3/30      AC: 11    Str: 15    XL:     3   Next: 35%
Magic:  7/7        EV:  4    Int: 14    God:
Gold:   55         SH:  0    Dex: 10    Spells: 3/4 levels left

rFire    . . .     SeeInvis .   a - +0 mace
rCold    . . .     Gourm    .   (no shield)
rNeg     . . .     Faith    .   n - +0 plate armour
rPois    .         Spirit   .   (helmet restricted)
rElec    .         Reflect  .   g - +0 cloak
rCorr    .         Harm     .   (no gloves)
MR       .....                  (no boots)
Stlth    ..........             (no amulet)
HPRegen  0.10/turn              (no ring)
MPRegen  0.10/turn              (no ring)

@: no status effects
A: oni magic, claws 1, fangs 1, horns 1
a: no special abilities


You were on level 2 of the Dungeon.
You were not hungry.

You visited 1 branch of the dungeon, and saw 2 of its levels.

You collected 55 gold pieces.

Inventory:

Hand Weapons
 a - a +0 mace (weapon)
Missiles
 h - 91 poisoned needles
Armour
 b - a +0 leather armour
 g - a +0 cloak (worn)
 n - a +0 plate armour (worn)
Scrolls
 d - a scroll of fear
 i - a scroll of identify {unknown}
 j - a scroll of amnesia {unknown}
 l - a scroll of enchant armour {unknown}
 m - a scroll of noise {unknown}
Potions
 f - 2 potions of flight {unknown}
 k - a potion of curing {unknown}
Comestibles
 c - a chunk of flesh
 e - 6 rations {!d}


   Skills:
 + Level 2.9 Fighting
 + Level 3.2 Maces & Flails
 - Level 0.8 Armour
 - Level 1.7 Dodging
 - Level 1.3 Spellcasting
   Level 1.3 Conjurations
   Level 1.3 Hexes
   Level 1.3 Charms
   Level 1.3 Summonings
   Level 1.3 Necromancy
   Level 1.3 Translocations
   Level 1.3 Transmutations
   Level 1.3 Fire Magic
   Level 1.3 Ice Magic
   Level 1.3 Air Magic
   Level 1.3 Earth Magic
   Level 1.3 Poison Magic


You had 3 spell levels left.
You knew the following spells:

 Your Spells              Type           Power        Failure   Level  Hunger
a - Infusion              Chrm           #.......     100%        1    ##.....

Your spell library contained the following spells:

 Spells                   Type           Power        Failure   Level  Hunger
 Sandblast                Erth           #.....       100%        1    ##.....
 Song of Slaying          Chrm           #.......     100%        2    ###....
 Ozocubu's Armour         Chrm/Ice       #.......     100%        3    ####...
 Regeneration             Chrm/Necr      #.........   100%        3    ####...
 Spectral Weapon          Hex/Chrm       #.......     100%        3    ####...


Dungeon Overview and Level Annotations

Branches:
Dungeon (2/12)

Altars:

Annotations:
D:2 Sigmund


Innate Abilities, Weirdness & Mutations

You learn spells by gaining experience, not through books or religion.
You only train spellcasting to practice magic.
You have sharp fingernails.
You have very sharp teeth.
You have a pair of small horns on your head.


Message History

The bat completely misses you. Something hits you!
You barely miss something. The bat hits you but does no damage.
Something hits you!
* * * LOW HITPOINT WARNING * * *
Sorry, you're not good enough to have a special ability.
You hit something. You headbutt something. The bat hits you but does no damage.
The bat hits you.
* * * LOW HITPOINT WARNING * * *
You hear some strange, mumbled words.
Something tries to affect you, but you resist.
You miss something. The bat hits you but does no damage.
Something hits you but does no damage.
You miss something. You headbutt something.
The bat hits you but does no damage. Something hits you but does no damage.
You hit something. The bat hits you but does no damage.
Something hits you but does no damage.
Your plate armour prevents you from hitting something.
The bat hits you but does no damage.
You hit something. Something hits you.
You die...

#...#.#.#.###......#
#...#.#.#.# #.......
####.......#.#
####....
#..........#.# #.###
#............# #.# #
#..........### #.###
##..........## #<#..
#......b.....# #.#..
#.####.@.....# #.#..
#. #..{##....#
####.#.. #.
#...##....# #.......
#.
#...##....####.##.###
#.
#...##....#.......#
#.
#...<#.####.......#
#......b.##.......###
###..#.#.#####'##....
#..#.#.# #.######


You could see a bat.

Vanquished Creatures
  A worm (D:1)
  A dart slug (D:2)
  3 leopard geckos (D:1)
  2 giant cockroaches (D:1)
  5 goblins (D:1)
  A hobgoblin (D:1)
  4 jackals (D:1)
  3 kobolds (D:1)
  A ball python (D:1)
  2 bats (D:1)
  3 frilled lizards (D:1)
26 creatures vanquished.

Notes
Turn   | Place    | Note
-------+----------+-------------------------------------------
     0 | D:1      | Harunobu the Oni Skald began the quest for the Orb.
     0 | D:1      | Reached XP level 1. HP: 17/17 MP: 4/4
    52 | D:1      | Reached XP level 2. HP: 20/25 MP: 3/6
   240 | D:1      | Reached skill level 3 in Maces & Flails
   249 | D:1      | Reached XP level 3. HP: 19/30 MP: 7/7
   786 | D:2      | Noticed Sigmund
   875 | D:2      | HP: 1/30 [bat (1)]
   880 | D:2      | Slain by Sigmund

Skill      XL: |  1  2 |
---------------+-------+-----
Maces & Flails | 3 |  3.2
Fighting       | |  2.9
Armour         | |  0.8
Dodging        | |  1.7
Spellcasting   | |  1.3
Conjurations   | |  1.3
Hexes          | |  1.3
Charms         | |  1.3
Summonings     | |  1.3
Necromancy     | |  1.3
Translocations | |  1.3
Transmutations | |  1.3
Fire Magic     | |  1.3
Ice Magic      | |  1.3
Air Magic      | |  1.3
Earth Magic    | |  1.3
Poison Magic   | |  1.3

Action                   || total
-------------------------++-------
Melee: Mace              ||    87
       Headbutt          ||     9
       Bite              ||     5
 Cast: Infusion          ||     3
Armor: Leather armour    ||    33
       Plate armour      ||    50
Dodge: Dodged            ||    64
